[Event "WYCC 2018 O16"]
[Site "Halkidiki"]
[Date "2018.10.24"]
[Round "6"]
[White "Loukopoulos, Panagiotis-Athanasi"]
[Black "Stevanic, David"]
[Result "0-1"]
[ECO "C50"]
[WhiteElo "1988"]
[BlackElo "2281"]
[Annotator "NA"]
[PlyCount "56"]
[EventDate "2018.10.20"]
[EventType "swiss"]
[EventCountry "GRE"]
[SourceTitle "playchess.com"]
[Source "ChessBase"]
[SourceQuality "1"]
[TimeControl "40/5400+30:1800+30"]

1. e4 e5 2. Nf3 Nc6 3. Bc4 Bc5 4. O-O Nf6 5. d3 a6 6. c3 Ba7 7. a4 d6 8. Nbd2 O-O 9. h3 Ne7 {[%emt 0:02:58] LiveBook: 36 Games} 10. Re1 Ng6 {[%emt 0:04:03] C54: Giuoco Piano: 4 c3 Nf6, main lines with 5 d4 and 5 d3} 11. Nf1 c6 (11... Be6 12. Bxe6 fxe6 13. Ng3 h6 14. d4 Nd7 15. Be3 Qe7 16. a5 Kh7 17. Nd2 Rf7 18. Nc4 {½-½ (57) Caruana,F (2822)-Nakamura,H (2769) Stavanger 2018}) 12. a5 d5 $146 ({Predecessor:} 12... Re8 13. Ng3 d5 14. Bb3 Be6 15. Ng5 Bd7 16. Qc2 Qc7 17. Bd2 h6 18. Nf3 Rad8 19. d4 dxe4 20. Nxe4 Nxe4 21. Qxe4 Be6 22. Bxe6 {½-½ (22) Lopez,A (1670)-Hynes,T (1817) Chessfriend.com 2003}) 13. exd5 cxd5 14. Bb3 Re8 15. Bg5 h6 16. Bxf6 Qxf6 17. d4 e4 18. N3h2 $4 (18. Bxd5 $18 Bxh3 19. Bxe4 (19. gxh3 exf3 20. Qxf3 Nf4 $18) (19. Rxe4 Rxe4 20. Bxe4 Bf5 $18)) 18... Nf4 19. Re3 h5 20. Ng3 g6 21. Ne2 Nd3 22. Qxd3 exd3 23. Rxe8+ Kg7 $19 24. Nc1 Qc6 25. Ba4 Qxa4 26. Rxa4 d2 27. Nd3 d1=Q+ 28. Ne1 Qxa4 0-1

[Event "WYCC 2018 O16"]
[Site "Halkidiki"]
[Date "2018.10.24"]
[Round "6"]
[White "Wijesinghe, N L C Dojitha"]
[Black "Golikov, Daniil"]
[Result "0-1"]
[ECO "C00"]
[WhiteElo "1688"]
[BlackElo "2319"]
[Annotator "NA"]
[PlyCount "48"]
[EventDate "2018.10.20"]
[EventType "swiss"]
[EventCountry "GRE"]
[SourceTitle "playchess.com"]
[Source "ChessBase"]
[SourceQuality "1"]
[TimeControl "40/5400+30:1800+30"]

1. e4 e6 2. c4 d5 3. exd5 exd5 4. cxd5 Nf6 5. Bb5+ Bd7 {[%emt 0:05:43] C00: French: Unusual White 2nd moves} (5... Nbd7 6. Nc3 Be7 7. Nf3 O-O 8. d4 Nb6 9. h3 Nbxd5 10. O-O Bf5 11. Re1 Bb4 12. Bd2 c6 13. Bc4 Bxc3 14. bxc3 Ne4 15. Rc1 Qf6 {1-0 (36) Vachier Lagrave,M (2789)-Caruana,F (2804) Paris 2016}) 6. Bc4 Qe7+ 7. Qe2 Bg4 8. f3 Bf5 9. Nc3 Nbd7 $146 ({Predecessor:} 9... a6 10. d4 Nbd7 11. Bf4 Rc8 12. Be5 b5 13. Bb3 {1-0 (40) Fernandez Andrade,A (1861)-Pazos Porta,A (2189) Ourense 2008}) 10. Nb5 (10. h4 $11) 10... Ne5 11. Nxc7+ Qxc7 12. f4 Qxc4 13. Qxe5+ Kd8 14. Qxf5 Bd6 15. Ne2 Re8 16. d3 Qc2 17. Bd2 Bb4 18. Rd1 Rc8 19. O-O Rxe2 20. Rc1 Bc5+ 21. Kh1 Qxd2 22. Rg1 Rc7 23. d6 $19 Bxd6 24. Rxc7 Bxc7 0-1

[Event "WYCC 2018 O16"]
[Site "Halkidiki"]
[Date "2018.10.26"]
[Round "7"]
[White "Engel, Luis"]
[Black "Zhalmakhanov, Ramazan"]
[Result "1/2-1/2"]
[ECO "B33"]
[WhiteElo "2441"]
[BlackElo "2316"]
[Annotator "NA"]
[PlyCount "52"]
[EventDate "2018.10.20"]
[EventType "swiss"]
[EventCountry "GRE"]
[SourceTitle "playchess.com"]
[Source "ChessBase"]
[SourceQuality "1"]
[TimeControl "40/5400+30:1800+30"]

1. e4 c5 2. Nf3 Nc6 3. d4 cxd4 4. Nxd4 Nf6 5. Nc3 e5 6. Ndb5 d6 7. Bg5 a6 8. Na3 b5 9. Nd5 Be7 10. Bxf6 Bxf6 11. c3 Bg5 12. Nc2 O-O 13. a4 bxa4 14. Rxa4 a5 15. Bc4 Rb8 {[%emt 0:00:10] LiveBook: 1063 Games} 16. b3 Kh8 17. Ra2 f5 18. exf5 Bxf5 19. Nce3 Bg6 20. O-O e4 21. Be2 Bf7 22. Nc4 Bg8 23. Ra3 Rb5 24. Nce3 Rb8 25. Nc4 Rb5 26. Nce3 Rb8 1/2-1/2

[Event "WYCC 2018 O16"]
[Site "Halkidiki"]
[Date "2018.10.26"]
[Round "7"]
[White "Vlachos, Anatole"]
[Black "Ongut, Tamas Gunes"]
[Result "1-0"]
[ECO "A45"]
[WhiteElo "2435"]
[BlackElo "2185"]
[Annotator "NA RC"]
[PlyCount "95"]
[EventDate "2018.10.20"]
[EventType "swiss"]
[EventCountry "GRE"]
[SourceTitle "playchess.com"]
[Source "ChessBase"]
[SourceQuality "1"]
[TimeControl "40/5400+30:1800+30"]

1. d4 Nf6 2. Bg5 d5 3. e3 c5 4. Bxf6 gxf6 5. dxc5 e6 6. c4 dxc4 7. Qxd8+ Kxd8 8. Bxc4 Bxc5 9. Nf3 Ke7 {[%emt 0:05:44] LiveBook: 5 Games} 10. O-O b6 11. Nbd2 Bb7 12. Rac1 Nd7 13. a3 $11 Rac8 14. b4 Bd6 15. Nd4 f5 16. Bb5 Rxc1 17. Rxc1 Nb8 18. Be2 a6 19. Nc4 Rc8 20. Rd1 Bc7 21. a4 Rd8 22. b5 axb5 23. axb5 Bd5 24. Na3 Bd6 25. Nac2 Be4 26. Bd3 Bxd3 27. Rxd3 Rc8 28. f4 Bc5 29. h3 h6 30. Rd1 Rd8 31. Ra1 Kf6 32. Kf1 Rg8 33. Ra7 Rd8 34. Ke2 Rd7 35. Ra1 Rd8 36. Kf1 Rd7 37. Ke2 Rd8 38. Nb3 Bd6 39. Ncd4 Rc8 40. Nd2 Bc5 41. N2f3 Bxd4 42. Nxd4 Nd7 43. Ra7 Ke7 44. Nc6+ Kd6 45. Kd3 f6 46. Ra2 e5 47. Kc4 Nb8 48. Ra8 {[%emt 0:02:01] Kd5+} 1-0

[Event "WYCC 2018 O16"]
[Site "Halkidiki"]
[Date "2018.10.26"]
[Round "7"]
[White "Zarubitski, Viachaslau"]
[Black "Milosevic, Milos"]
[Result "1/2-1/2"]
[ECO "B92"]
[WhiteElo "2417"]
[BlackElo "2306"]
[Annotator "NA"]
[PlyCount "64"]
[EventDate "2018.10.20"]
[EventType "swiss"]
[EventCountry "GRE"]
[SourceTitle "playchess.com"]
[Source "ChessBase"]
[SourceQuality "1"]
[TimeControl "40/5400+30:1800+30"]

1. e4 d6 2. Nf3 c5 3. d4 cxd4 4. Nxd4 Nf6 5. Nc3 a6 6. Be2 e5 7. Nb3 Be7 8. Be3 Be6 9. Nd5 Nbd7 10. Qd3 O-O {[%emt 0:00:09] B92: Sicilian Najdorf: 6 Be2} 11. a4 {[%emt 0:00:29] LiveBook: 7 Games} (11. O-O Bxd5 12. exd5 Rc8 13. c4 Ne8 14. f3 g6 15. Kh1 Ng7 16. Bg1 Bg5 17. Rad1 h5 18. Nd2 f5 19. b4 h4 20. c5 dxc5 21. d6 cxb4 {1-0 (45) Karjakin,S (2782)-Grischuk,A (2766) Paris 2018}) 11... Bxd5 12. exd5 Rc8 13. c4 Nc5 (13... e4 $11 14. Qd4 Nc5 15. Nxc5 dxc5) 14. Nxc5 dxc5 15. a5 e4 16. Qd2 $146 ({Predecessor:} 16. Qc2 Bd6 17. O-O Qc7 18. g3 {0-1 (25) Castrillon Gomez,M (2210)-Vazquez,G (2443) Medellin 2017}) 16... Bd6 17. O-O Nd7 $11 18. f4 exf3 19. Rxf3 Ne5 20. Rf2 f5 21. Raf1 g6 22. Bg5 Qc7 23. Bh6 Rfe8 24. Qc3 Qe7 25. g4 Qh4 26. Bf4 fxg4 27. Bg3 Qg5 28. Rf6 Rcd8 29. Kh1 Bb8 30. R6f2 Bd6 31. Rf6 Bb8 32. R6f2 Bd6 1/2-1/2

[Event "WYCC 2018 O16"]
[Site "Halkidiki"]
[Date "2018.10.26"]
[Round "7"]
[White "Vestby-Ellingsen, Mads"]
[Black "Mukhutdinov, Tigran"]
[Result "1/2-1/2"]
[ECO "D31"]
[WhiteElo "2410"]
[BlackElo "2256"]
[Annotator "NA RC"]
[PlyCount "77"]
[EventDate "2018.10.20"]
[EventType "swiss"]
[EventCountry "GRE"]
[SourceTitle "playchess.com"]
[Source "ChessBase"]
[SourceQuality "1"]
[TimeControl "40/5400+30:1800+30"]

1. d4 d5 2. c4 e6 3. Nc3 c6 4. Nf3 dxc4 5. a4 Bb4 6. e3 b5 7. Bd2 a5 8. axb5 Bxc3 9. Bxc3 cxb5 10. b3 $1 Bb7 11. bxc4 b4 12. Bb2 Nf6 13. c5 {[%emt 0:00:10] D31: Queen's Gambit Declined: Semi-Slav without ...Nf6 (+ Marshall Gambit and Noteboom) and Exchange Variation lines without ...Nf6} O-O 14. Bb5 Bc6 (14... Ba6 15. Qa4 Qd5 16. Qxa5 Nc6 17. Qxa6 Rxa6 18. Rxa6 Qb3 19. Bxc6 Qxb2 20. O-O b3 {½-½ (28) Donchenko,A (2563)-Tomashevsky,E (2696) Minsk 2017}) 15. Ba4 Qc7 16. O-O {[%emt 0:00:29] LiveBook: 5 Games} Bxa4 17. Qxa4 Nc6 18. Nd2 Nd5 19. Nc4 f5 {[%emt 0:00:41] [#]} 20. Rfe1 $146 ({Predecessor:} 20. f3 Qb7 {1-0 (59) Lohse,M (2507)-Nataf,I (2480) ICCF email 2015}) 20... Rf6 21. e4 fxe4 22. Rxe4 Raf8 23. f3 Rf4 $11 24. Nd6 Rxe4 25. fxe4 Nf4 26. Kh1 Nd3 27. Qb3 Nxb2 28. Qxb2 a4 29. d5 exd5 30. exd5 Na5 31. Qxb4 Nb3 32. Rd1 Qxc5 33. Qxa4 Qxd5 34. Qc4 Qxc4 35. Nxc4 h6 36. Kg1 Nc5 37. Ne5 Kh7 38. Nd7 Nxd7 39. Rxd7 1/2-1/2

[Event "WYCC 2018 O16"]
[Site "Halkidiki"]
[Date "2018.10.26"]
[Round "7"]
[White "Kaasen, Tor Fredrik"]
[Black "Bekturov, Tamerlan"]
[Result "1-0"]
[ECO "B53"]
[WhiteElo "2388"]
[BlackElo "2297"]
[Annotator "NA"]
[PlyCount "81"]
[EventDate "2018.10.20"]
[EventType "swiss"]
[EventCountry "GRE"]
[SourceTitle "playchess.com"]
[Source "ChessBase"]
[SourceQuality "1"]
[TimeControl "40/5400+30:1800+30"]

1. e4 c5 2. Nf3 d6 3. d4 cxd4 4. Qxd4 Nc6 5. Bb5 Bd7 6. Qe3 Nf6 7. O-O g6 8. c4 Bg7 9. Nc3 O-O $11 10. h3 a6 11. Bxc6 Bxc6 12. Rd1 Nd7 13. Nd4 Rc8 14. b3 b5 15. cxb5 axb5 16. Bb2 Nb8 17. a3 Bd7 18. Qe2 Qa5 19. b4 Qa6 20. Rac1 Qb7 21. Nd5 Nc6 22. Nxb5 Bxb2 23. Qxb2 f5 24. Nbc3 f4 25. Qd2 Rf7 26. Nxf4 Rcf8 27. Nce2 Ne5 28. Qd5 Bc6 29. Rxc6 Qxc6 30. Qxc6 Nxc6 31. Rc1 Ne5 32. Ne6 Rb8 33. Rc3 Rf6 34. N2d4 Kf7 35. Nc7 e6 36. b5 Ke7 37. a4 Rff8 38. a5 Rbc8 39. Ndxe6 Rg8 40. b6 Rb8 41. Nd4 1-0

[Event "WYCC 2018 O16"]
[Site "Halkidiki"]
[Date "2018.10.26"]
[Round "7"]
[White "Lianes Garcia, Marcos"]
[Black "Quirhuayo Chumbe, German Gonzalo"]
[Result "0-1"]
[ECO "E10"]
[WhiteElo "2376"]
[BlackElo "2220"]
[Annotator "NA"]
[PlyCount "50"]
[EventDate "2018.10.20"]
[EventType "swiss"]
[EventCountry "GRE"]
[SourceTitle "playchess.com"]
[Source "ChessBase"]
[SourceQuality "1"]
[TimeControl "40/5400+30:1800+30"]

1. d4 Nf6 2. c4 e6 3. Nf3 c5 4. d5 b5 5. dxe6 fxe6 6. cxb5 a6 7. Nc3 axb5 8. Nxb5 Qa5+ 9. Nc3 d5 10. e3 Be7 11. Be2 O-O 12. O-O Nc6 13. a4 Rd8 14. Nb5 e5 15. b4 Qxb4 16. Bd2 Qe4 17. Bc3 Qf5 18. Nc7 Ra7 19. e4 Nxe4 20. Nb5 Nxc3 21. Nxc3 Be6 22. Bb5 Nb4 23. Re1 e4 24. Nd2 Bf6 25. Ra3 Bd4 0-1

[Event "WYCC 2018 O16"]
[Site "Halkidiki"]
[Date "2018.10.26"]
[Round "7"]
[White "Schitco, Ivan"]
[Black "Chukavin, Kirill"]
[Result "1-0"]
[ECO "A18"]
[WhiteElo "2376"]
[BlackElo "2274"]
[Annotator "NA"]
[PlyCount "117"]
[EventDate "2018.10.20"]
[EventType "swiss"]
[EventCountry "GRE"]
[SourceTitle "playchess.com"]
[Source "ChessBase"]
[SourceQuality "1"]
[TimeControl "40/5400+30:1800+30"]

1. c4 e6 2. Nc3 Nf6 3. e4 d5 4. e5 d4 5. exf6 dxc3 6. bxc3 Qxf6 7. d4 e5 8. Nf3 exd4 9. Bd3 Bg4 10. Qa4+ Qc6 11. Qc2 Qe6+ 12. Kd1 Bxf3+ 13. gxf3 Qf6 14. Be4 Nc6 15. Bxc6+ Qxc6 16. Re1+ Be7 17. Ba3 O-O-O 18. Bxe7 d3 19. Qd2 Qa4+ 20. Kc1 Rhe8 21. Kb2 Rd7 22. Ba3 Rxe1 23. Rxe1 b6 24. c5 bxc5 25. Qd1 Qc6 26. Re8+ Kb7 27. Qb3+ Qb6 28. Kc1 c4 29. Qxb6+ axb6 30. Bf8 g6 31. Re4 b5 32. a4 f5 33. Re5 bxa4 34. Ba3 Rd8 35. Rc5 Re8 36. Rxc4 Re2 37. Rxa4 Rxf2 38. h4 Rc2+ 39. Kd1 Rxc3 40. Kd2 Rc2+ 41. Kxd3 Ra2 42. Rb4+ Kc6 43. Bc1 Kd5 44. Rd4+ Ke6 45. Rc4 Kd7 46. Bf4 c6 47. Rd4+ Ke7 48. Rb4 Ra3+ 49. Ke2 Ra7 50. Bb8 Rd7 51. Rb6 c5 52. Rc6 Rd4 53. Rc7+ Kf6 54. Rxh7 c4 55. Ba7 Rd3 56. Rc7 Ra3 57. Bd4+ Ke6 58. Rxc4 Kd5 59. Rb4 1-0

[Event "WYCC 2018 O16"]
[Site "Halkidiki"]
[Date "2018.10.26"]
[Round "7"]
[White "Davtyan, Artur"]
[Black "Petriashvili, Nikoloz"]
[Result "1/2-1/2"]
[ECO "D16"]
[WhiteElo "2374"]
[BlackElo "2343"]
[Annotator "NA"]
[PlyCount "64"]
[EventDate "2018.10.20"]
[EventType "swiss"]
[EventCountry "GRE"]
[SourceTitle "playchess.com"]
[Source "ChessBase"]
[SourceQuality "1"]
[TimeControl "40/5400+30:1800+30"]

1. d4 d5 2. c4 c6 3. Nf3 Nf6 4. Nc3 dxc4 5. a4 $11 {[%emt 0:00:00] LiveBook: 13649 Games} e6 6. e3 c5 7. Bxc4 Nc6 8. O-O cxd4 9. Nxd4 Bd7 10. Qe2 Bc5 11. Rd1 Qc7 12. Bd2 O-O 13. Ncb5 Qb8 14. Bc3 Ne5 15. Nf3 Nxf3+ 16. Qxf3 Bc6 17. Qe2 Ne4 18. Be1 Nd6 19. b4 Bxb5 20. Bxb5 Nxb5 21. bxc5 Nc7 22. Bc3 Nd5 23. Bd4 Qc7 24. e4 Ne7 25. Qb2 f6 26. Qb3 Kf7 27. Be3 Rfd8 28. f3 Rxd1+ 29. Rxd1 Rd8 30. Rxd8 Qxd8 31. Qxb7 Qd1+ 32. Kf2 Qxa4 1/2-1/2

[Event "WYCC 2018 O16"]
[Site "Halkidiki"]
[Date "2018.10.26"]
[Round "7"]
[White "Shubin, Kirill"]
[Black "Travadon, Loic"]
[Result "1-0"]
[ECO "B89"]
[WhiteElo "2369"]
[BlackElo "2293"]
[Annotator "NA"]
[PlyCount "63"]
[EventDate "2018.10.20"]
[EventType "swiss"]
[EventCountry "GRE"]
[SourceTitle "playchess.com"]
[Source "ChessBase"]
[SourceQuality "1"]
[TimeControl "40/5400+30:1800+30"]

1. e4 c5 2. Nf3 d6 3. d4 Nf6 4. Nc3 cxd4 5. Nxd4 Nc6 6. Bc4 e6 7. Be3 a6 8. Qe2 Qc7 9. O-O-O Bd7 10. Rhe1 b5 11. Bb3 Na5 12. g4 b4 13. Na4 Nxb3+ 14. axb3 Qa5 15. Kb1 Bxa4 16. bxa4 Qxa4 17. Bc1 Rc8 18. f4 Be7 19. g5 Nd7 20. b3 Qa5 21. f5 e5 22. f6 exd4 23. fxe7 Kxe7 24. Rxd4 Rc6 25. Rd5 Qc7 26. Bf4 Ne5 27. Red1 Rc8 28. Bxe5 dxe5 29. Qd3 Ke8 30. Rd7 Qa5 31. Qf3 f6 32. Qh5+ 1-0

[Event "WYCC 2018 O16"]
[Site "Halkidiki"]
[Date "2018.10.26"]
[Round "7"]
[White "Abdisalimov, Abdimalik"]
[Black "Sargsyan, Tigran R."]
[Result "1/2-1/2"]
[ECO "B10"]
[WhiteElo "2368"]
[BlackElo "2218"]
[Annotator "NA"]
[PlyCount "92"]
[EventDate "2018.10.20"]
[EventType "swiss"]
[EventCountry "GRE"]
[SourceTitle "playchess.com"]
[Source "ChessBase"]
[SourceQuality "1"]
[TimeControl "40/5400+30:1800+30"]

1. c4 c6 2. e4 d5 3. exd5 cxd5 4. cxd5 Nf6 5. Qa4+ Nbd7 6. Nc3 g6 7. Bc4 Bg7 8. d3 O-O 9. Nf3 a6 10. Qa3 b6 11. O-O Bb7 12. Re1 Re8 13. Ng5 b5 14. Bb3 Rc8 15. d6 e6 16. Nge4 Nd5 17. Bg5 Qb6 18. Nxd5 exd5 19. Be3 Bd4 20. Bxd4 Qxd4 21. Ng5 Rxe1+ 22. Rxe1 Qf4 23. Nf3 d4 24. Bd1 Bxf3 25. Bxf3 Qd2 26. Rf1 Rc1 27. g3 Ne5 28. Rxc1 Qxc1+ 29. Kg2 Qc2 30. d7 Nxd7 31. Qe7 Nf8 32. Bd5 Ne6 33. Bxe6 Qc6+ 34. Kh3 fxe6 35. Qd8+ Kf7 36. Qxd4 Qc8 37. g4 Qc6 38. Kh4 h6 39. Qf4+ Kg7 40. Qe5+ Kf7 41. Kg3 Qh1 42. Qe2 Qg1+ 43. Kh3 Qh1 44. f4 Qd5 45. a3 Qd4 46. Kg3 a5 1/2-1/2

[Event "WYCC 2018 O16"]
[Site "Halkidiki"]
[Date "2018.10.26"]
[Round "7"]
[White "Kalavannan, Koby"]
[Black "Jakab, Bela"]
[Result "1/2-1/2"]
[ECO "D02"]
[WhiteElo "2365"]
[BlackElo "2285"]
[Annotator "NA"]
[PlyCount "193"]
[EventDate "2018.10.20"]
[EventType "swiss"]
[EventCountry "GRE"]
[SourceTitle "playchess.com"]
[Source "ChessBase"]
[SourceQuality "1"]
[TimeControl "40/5400+30:1800+30"]

1. d4 d5 2. Nf3 Nf6 3. c4 c6 4. Qb3 dxc4 5. Qxc4 Bg4 6. Nbd2 Nbd7 7. g3 e6 8. Bg2 Rc8 9. Qb3 Qb6 10. Nc4 Qxb3 11. axb3 a6 12. Bf4 Bb4+ 13. Nfd2 O-O $11 14. Na5 Bxa5 15. Rxa5 Rfd8 16. Nc4 Nd5 17. Bg5 f6 18. Bd2 b5 19. Nd6 Ra8 20. h3 Bh5 21. e4 Nc7 22. Be3 e5 23. d5 Nb8 24. Nf5 cxd5 25. exd5 Nc6 26. Bb6 Nxa5 27. Bxa5 Ne6 28. O-O Nd4 29. Nxd4 exd4 30. g4 Bf7 31. Bxd8 Rxd8 32. Rd1 Kf8 33. Rxd4 Ke7 34. Rd1 Kd6 35. Rc1 Be8 36. b4 Ra8 37. Ra1 Ra7 38. f4 Bd7 39. Kf2 Bc8 40. Rc1 Bd7 41. Ke3 a5 42. Ra1 a4 43. Be4 Rc7 44. Bd3 h6 45. Kd4 Rc8 46. Rg1 Rh8 47. Rc1 h5 48. Rc5 hxg4 49. hxg4 Rh4 50. Bxb5 Rxg4 51. Bxd7 Kxd7 52. Ra5 Rxf4+ 53. Kc5 g5 54. Ra7+ Kc8 55. b5 g4 56. Rg7 f5 57. Kb6 Rd4 58. Ka6 a3 59. bxa3 Ra4+ 60. Kb6 Rxa3 61. Rc7+ Kd8 62. Rf7 Rf3 63. Kc6 g3 64. b6 Ke8 65. Rxf5 Rc3+ 66. Kd6 Rb3 67. Kc6 Rc3+ 68. Kb7 g2 69. Rg5 Rc2 70. Rg7 Kf8 71. Rg5 Ke7 72. Ka7 Ra2+ 73. Kb8 Kd6 74. b7 Rc2 75. Ka7 Ra2+ 76. Kb8 Rc2 77. Ka7 Ra2+ 78. Kb6 Rb2+ 79. Ka6 Ra2+ 80. Kb5 Rb2+ 81. Kc4 Rxb7 82. Rxg2 Rc7+ 83. Kd4 Rc1 84. Rg6+ Kd7 85. Rg7+ Kd6 86. Rg6+ Kd7 87. Rg4 Rd1+ 88. Ke5 Re1+ 89. Re4 Rxe4+ 90. Kxe4 Kd6 91. Kd4 Kd7 92. Ke5 Ke7 93. d6+ Kd7 94. Kd5 Kd8 95. Ke6 Ke8 96. d7+ Kd8 97. Kd6 1/2-1/2

[Event "WYCC 2018 O16"]
[Site "Halkidiki"]
[Date "2018.10.26"]
[Round "7"]
[White "Mitsis, Georgios"]
[Black "Petkov, Matey"]
[Result "1/2-1/2"]
[ECO "A41"]
[WhiteElo "2350"]
[BlackElo "2164"]
[Annotator "NA"]
[PlyCount "174"]
[EventDate "2018.10.20"]
[EventType "swiss"]
[EventCountry "GRE"]
[SourceTitle "playchess.com"]
[Source "ChessBase"]
[SourceQuality "1"]
[TimeControl "40/5400+30:1800+30"]

1. d4 d6 2. Nf3 Nf6 3. c4 g6 4. Nc3 Bf5 5. d5 c5 6. Nd2 Bh6 7. g3 Na6 8. Bg2 O-O 9. O-O Nc7 10. e4 Bd7 11. f4 b5 12. Qe2 Rb8 13. e5 Nfe8 14. b3 e6 15. Bb2 b4 16. Nce4 exd5 17. Nxd6 d4 18. N2e4 Nxd6 19. Nxd6 f6 20. Ne4 fxe5 21. Nxc5 exf4 22. Bxd4 Re8 23. Qf2 Rf8 24. Bb2 Bg4 25. Ne4 f3 26. Rfd1 Qe7 27. Qd4 Bg7 28. Qxg7+ Qxg7 29. Bxg7 Kxg7 30. Nf2 Be6 31. Bf1 Rbd8 32. Rxd8 Rxd8 33. a3 bxa3 34. Rxa3 a6 35. b4 Rb8 36. b5 Bc8 37. Ne4 axb5 38. cxb5 f2+ 39. Nxf2 Nxb5 40. Rb3 Bd7 41. Ne4 h5 42. Nd6 Nxd6 43. Rxb8 Bf5 44. Rb6 Nf7 45. Kf2 Ne5 46. Be2 Nd7 47. Ra6 Nf6 48. Ke3 g5 49. Kd4 Ng4 50. Bxg4 Bxg4 51. Ke5 Bh3 52. Rf6 Bg4 53. Rb6 Bh3 54. Kd6 Kf6 55. Rb8 Kf5 56. Rg8 h4 57. gxh4 gxh4 58. Kd5 Kf4 59. Rh8 Bg2+ 60. Kd4 Kg4 61. Ke3 Kh3 62. Kf2 Bb7 63. Kg1 Bc6 64. Rc8 Bd5 65. Rc5 Be6 66. Rc3+ Kg4 67. Kf2 Kf4 68. Ra3 Kg4 69. Ra6 Bd5 70. Rd6 Bb7 71. Rd3 Bc8 72. h3+ Kf4 73. Rd4+ Kg5 74. Rd5+ Kf4 75. Rh5 Bxh3 76. Rxh4+ Bg4 77. Kg2 Kg5 78. Kg3 Bd7 79. Rc4 Kf5 80. Kf3 Ke5 81. Ke3 Be6 82. Rc5+ Kf6 83. Kf4 Ba2 84. Rc6+ Kg7 85. Kg5 Bd5 86. Rc7+ Kh8 87. Kf6 Be4 1/2-1/2

[Event "WYCC 2018 O16"]
[Site "Halkidiki"]
[Date "2018.10.26"]
[Round "7"]
[White "Koustav Chatterjee"]
[Black "Kamer, Kayra"]
[Result "1-0"]
[ECO "E73"]
[WhiteElo "2344"]
[BlackElo "2290"]
[Annotator "NA"]
[PlyCount "85"]
[EventDate "2018.10.20"]
[EventType "swiss"]
[EventCountry "GRE"]
[SourceTitle "playchess.com"]
[Source "ChessBase"]
[SourceQuality "1"]
[TimeControl "40/5400+30:1800+30"]

1. d4 Nf6 2. c4 g6 3. Nc3 Bg7 4. e4 d6 5. Be2 O-O 6. Be3 c5 7. d5 e6 8. Nf3 exd5 9. cxd5 Re8 10. Nd2 Na6 11. O-O Nc7 12. a4 b6 13. Bg5 a6 14. f4 Qd7 15. Nc4 Nxe4 16. Nxb6 Qf5 17. Nxe4 Qxe4 18. Nxa8 Nxa8 19. Bf3 Qd4+ 20. Kh1 Bf5 21. Re1 Rxe1+ 22. Qxe1 h6 23. Qe8+ Kh7 24. Be7 Qxb2 25. Rg1 Nb6 26. Bxd6 Nd7 27. Qe2 Qd4 28. Rd1 Qxa4 29. Be5 Nxe5 30. fxe5 c4 31. e6 fxe6 32. dxe6 Qe8 33. e7 Bf6 34. Re1 Bd7 35. Qxc4 Bb5 36. Qe6 Kg7 37. Bd5 a5 38. Ba2 a4 39. Re3 h5 40. Rf3 Qc6 41. e8=N+ Kh6 42. Qxc6 Bxc6 43. Rxf6 1-0

[Event "WYCC 2018 O16"]
[Site "Halkidiki"]
[Date "2018.10.26"]
[Round "7"]
[White "Morgunov, Daniel"]
[Black "Peng, Hongchi"]
[Result "0-1"]
[ECO "B44"]
[WhiteElo "2328"]
[BlackElo "2273"]
[Annotator "NA"]
[PlyCount "68"]
[EventDate "2018.10.20"]
[EventType "swiss"]
[EventCountry "GRE"]
[SourceTitle "playchess.com"]
[Source "ChessBase"]
[SourceQuality "1"]
[TimeControl "40/5400+30:1800+30"]

1. e4 c5 2. Nf3 e6 3. d4 cxd4 4. Nxd4 Nc6 5. Nb5 d6 6. c4 a6 7. N5a3 Nf6 8. Nc3 Be7 9. Be2 O-O 10. Be3 Bd7 11. O-O Ne5 12. f4 Ng6 13. Qe1 Bc6 14. Bf3 Nd7 15. Rd1 Qb8 $16 16. Nc2 Nc5 17. Nd4 Bd7 18. Nf5 exf5 19. Bxc5 Re8 20. Bd4 Nxf4 21. exf5 Bxf5 22. Be4 Bxe4 23. Qxe4 Ne6 24. Nd5 Bg5 25. Qf5 Nxd4 26. Qxf7+ Kh8 27. Rxd4 Qa7 28. Qf2 Be3 29. Nxe3 Qxd4 30. Nf5 Qxf2+ 31. Kxf2 Re6 32. Kf3 Rf8 33. Kg3 Ref6 34. Kg4 g6 0-1

[Event "WYCC 2018 O16"]
[Site "Halkidiki"]
[Date "2018.10.26"]
[Round "7"]
[White "Szpar, Milosz"]
[Black "De Waele, Warre"]
[Result "1-0"]
[ECO "B94"]
[WhiteElo "2328"]
[BlackElo "2272"]
[Annotator "NA"]
[PlyCount "197"]
[EventDate "2018.10.20"]
[EventType "swiss"]
[EventCountry "GRE"]
[SourceTitle "playchess.com"]
[Source "ChessBase"]
[SourceQuality "1"]
[TimeControl "40/5400+30:1800+30"]

1. e4 c5 2. Nf3 d6 3. d4 Nf6 4. Nc3 cxd4 5. Nxd4 a6 6. Bg5 Nbd7 7. Qe2 h6 8. Bh4 g6 9. f4 e5 10. fxe5 dxe5 11. O-O-O Qc7 12. Nb3 b5 13. Qf3 Bg7 $14 14. a3 O-O 15. Be2 Bb7 16. Rd2 Rfe8 17. Rhd1 Re6 18. Bf2 Rb8 19. g4 Bc6 20. h4 b4 21. axb4 Rxb4 22. g5 Nxe4 23. Rxd7 Bxd7 24. Rxd7 Qxd7 25. Nxe4 Rc6 26. Nbc5 Qc7 27. c3 Rb8 28. Be3 Qa5 29. b4 Qa1+ 30. Kd2 Rd8+ 31. Bd3 Qb2+ 32. Ke1 hxg5 33. hxg5 Rcc8 34. Bd2 a5 35. bxa5 Qa1+ 36. Ke2 Qg1 37. Nb7 Qh2+ 38. Kf1 Rd7 39. a6 Ra8 40. Nbc5 Rda7 41. Bc4 Rc8 42. Be3 Rb8 43. Nb3 Rxa6 44. Qxf7+ Kh8 45. Bxa6 Rf8 46. Qxf8+ Bxf8 47. Nbd2 Kg7 48. Bc4 Ba3 49. Bd5 Bb2 50. Ke1 Qh1+ 51. Ke2 Qa1 52. Kd3 Bc1 53. Bc5 Qa6+ 54. Bc4 Qc6 55. Nb3 Qd7+ 56. Kc2 Bxg5 57. Bd6 Bf4 58. Nbc5 Qc6 59. Be6 g5 60. c4 Be3 61. Bxe5+ Kh6 62. Bd5 Qe8 63. Ne6 Qa4+ 64. Kd3 Qb3+ 65. Nc3 Ba7 66. c5 Qa3 67. c6 Qa6+ 68. Ke4 Bb6 69. c7 Bxc7 70. Nxc7 Qg6+ 71. Ke3 Qf5 72. Bg3 Qg4 73. Ne4 Qd1 74. Be6 Qc1+ 75. Kd4 Qa1+ 76. Kd5 Qa5+ 77. Kd6 Qb4+ 78. Ke5 Qb2+ 79. Kf5 Qc1 80. Nd5 Qf1+ 81. Bf2 Qh3+ 82. Kf6 Qf3+ 83. Ke5 Kg6 84. Ne7+ Kh6 85. Bf5 Qf4+ 86. Kf6 Qb8 87. Be3 Qb2+ 88. Ke6 Qa2+ 89. Nd5 Qa6+ 90. Ke5 Qa1+ 91. Bd4 Qa8 92. Nd6 Qh8+ 93. Ke4 Qf8 94. Be5 Qa8 95. Bd4 Qc6 96. Ke5 Kg7 97. Ke4+ Kh6 98. Nf7+ Kh5 99. Bg4+ 1-0

[Event "WYCC 2018 O16"]
[Site "Halkidiki"]
[Date "2018.10.26"]
[Round "7"]
[White "Sahidi, Samir"]
[Black "Kim, Yunseo"]
[Result "1/2-1/2"]
[ECO "B10"]
[WhiteElo "2315"]
[BlackElo "1995"]
[Annotator "NA"]
[PlyCount "139"]
[EventDate "2018.10.20"]
[EventType "swiss"]
[EventCountry "GRE"]
[SourceTitle "playchess.com"]
[Source "ChessBase"]
[SourceQuality "1"]
[TimeControl "40/5400+30:1800+30"]

1. e4 c6 2. Nc3 d5 3. Nf3 Nf6 4. Qe2 d4 $11 {[%emt 0:08:55] LiveBook: 3 Games} 5. Nb1 c5 6. g3 Nc6 7. d3 e5 8. Bg2 Be7 9. O-O Bg4 10. h3 Bh5 11. g4 Bg6 12. Nh4 Nd7 13. Nxg6 hxg6 14. f4 exf4 15. Bxf4 Nde5 16. Nd2 Bg5 17. Bh2 O-O 18. Kh1 Qe7 19. Rad1 b5 20. Nf3 Nxf3 21. Qxf3 Ne5 22. Qg3 f6 23. h4 Be3 24. g5 Rae8 25. gxf6 Rxf6 26. Rxf6 gxf6 27. Bh3 Kg7 28. Rf1 Rh8 29. Bg4 c4 30. Be2 cxd3 31. cxd3 Rc8 32. Bg1 Bxg1 33. Rxg1 Rh8 34. h5 g5 35. Qh3 Kh6 36. Qf5 Rd8 37. Rc1 Rd6 38. Rc5 a6 39. Kg2 Qg7 40. Rc8 Rc6 41. Rxc6 Nxc6 42. Qd5 Qc7 43. Qe6 Ne5 44. Qxf6+ Kh7 45. h6 Ng6 46. Qxd4 Nf4+ 47. Kf2 Kxh6 48. Qh8+ Kg6 49. Qg8+ Kh6 50. Qf8+ Kg6 51. Qf5+ Kh6 52. Qf6+ Kh7 53. Qc3 Nh3+ 54. Ke1 Qg3+ 55. Kd2 Qf4+ 56. Kc2 g4 57. Qc8 Nf2 58. Qb7+ Kh6 59. Qxa6+ Kg5 60. Qxb5+ Kh4 61. a4 Qe3 62. Bxg4 Kxg4 63. a5 Qe2+ 64. Kc3 Nxe4+ 65. Kd4 Ng3 66. Kc5 Qe5+ 67. Kc4 Qf4+ 68. Kc5 Qe5+ 69. Kc6 Qf6+ 70. Kc5 1/2-1/2